 Dungeon Crawl Stone Soup version 0.31-a0-988-g08d55dae12 (webtiles) character file.

Game seed: 13001003910478727356

298 BinkBink the Shooter (level 6, 0/32 HPs)
             Began as a Spriggan Hunter on Nov 5, 2023.
             Was a Believer of Qazlal.
             Slain by Pikel
             ... wielding a +2 whip of freezing
              (3 damage)
             ... on level 4 of the Dungeon.
             The game lasted 00:06:34 (3146 turns).

BinkBink the Shooter (Spriggan Hunter)              Turns: 3146, Time: 00:06:36

Health: 0/32       AC:  2    Str:  7    XL:     6   Next: 13%
Magic:  7/7        EV: 21    Int: 10    God:    Qazlal [**....]
Gold:   97         SH:  3    Dex: 24    Spells: 5/5 levels left

rFire   + . .        a - +0 shortbow
rCold   x . .        (shield currently unavailable)
rNeg    . . .        c - +0 robe
rPois   .            (helmet restricted)
rElec   .            (no cloak)
rCorr   .            (gloves unavailable)
SInv    +            (boots unavailable)
Will    +....        (no amulet)
Stlth   +++          n - ring "Loew" {Fire Dex+3}
HPRegen 0.25/turn    (no ring)
MPRegen 0.10/turn

%: no passive effects
@: very quick
A: very small, no large weapons, unfitting armour, see invisible, speed 3
a: Renounce Religion, Upheaval


You were on level 4 of the Dungeon.
You worshipped Qazlal.
Qazlal was pleased with you.
You visited 1 branch of the dungeon, and saw 4 of its levels.
You also visited: Sewer.

You collected 97 gold pieces.

Inventory:

Hand Weapons
 a - a +0 shortbow (weapon)
Armour
 c - a +0 robe (worn)
Jewellery
 n - the ring "Loew" (left hand) {Fire Dex+3}
   (You found it on level 3 of the Dungeon)

   [ring of fire]

   Fire:      It enhances your fire magic.
   Dex+3:     It affects your dexterity (+3).
   rF+:       It protects you from fire.
   rC-:       It makes you vulnerable to cold.
Scrolls
 b - a scroll of butterflies
 d - a scroll of enchant weapon {unknown}
 f - 9 scrolls of identify {unknown}
 g - a scroll of teleportation {unknown}
 h - a scroll of silence {unknown}
 m - a scroll of blinking {unknown}
 p - a scroll of poison {unknown}
 q - a scroll of fog {unknown}
 r - a scroll of vulnerability {unknown}
Potions
 e - 2 potions of curing {unknown}
 i - 2 potions of mutation {unknown}
 j - a potion of haste {unknown}
 k - 2 potions of heal wounds {unknown}
 l - 2 potions of degeneration {unknown}
 o - a potion of magic {unknown}


   Skills:
 + Level 2.9 Fighting
 + Level 5.1 Ranged Weapons
 + Level 4.8 Dodging
 + Level 4.9 Stealth


You had 5 spell levels left.
You didn't know any spells.
Your spell library contained the following spells:

 Spells                   Type           Power      Damage    Failure   Level
 Apportation              Tloc           0%         N/A       36%         1
 Necrotise                Necr           0%         1d4       36%         1
 Summon Small Mammal      Summ           0%         N/A       36%         1
 Call Canine Familiar     Summ           0%         N/A       75%         3
 Summon Guardian Golem    Hex/Summ       0%         N/A       75%         3


Dungeon Overview and Level Annotations

Branches:
Dungeon (4/15)              Sewer (visited)
 Temple: D:4-7

Altars:
Cheibriados
Gozag
Hepliaklqana
Makhleb
Qazlal
Trog
Uskayaw
Xom
Zin

Shops:
D:1 ?   D:3 *

Annotations:
D:4 Pikel


Innate Abilities, Weirdness & Mutations

You are very small and have problems with some larger weapons.
You are too small for most types of armour.
You have supernaturally acute eyesight. (SInv)
You cover ground extremely quickly. (Speed+++)


Message History

The scorpion is lightly wounded.
You shoot an arrow. The arrow hits the jackal!
You kill the jackal!
Qazlal accepts your kill.
You shoot an arrow. The arrow closely misses the rat.
The rat closely misses you.
You shoot an arrow. The arrow hits the rat!
You kill the rat!
Qazlal accepts your kill.
You shoot an arrow. The arrow hits the scorpion.
The scorpion is lightly wounded.
You enter the shallow water.
Moving in this stuff is going to be slow.
You shoot an arrow. The arrow closely misses the scorpion.
You shoot an arrow. The arrow closely misses the scorpion.
Found 10 gold pieces.
Found a stone staircase leading down.
No target in view!
You shoot an arrow.
The arrow hits the scorpion but does no damage.
The scorpion is lightly wounded.
You shoot an arrow. The arrow hits the scorpion.
The scorpion is moderately wounded.
You shoot an arrow.
The arrow hits the scorpion but does no damage.
The scorpion is moderately wounded.
Pikel zaps a wand.
The bolt of acid misses you.
The lemure shouts!
Pikel zaps a wand.
The bolt of acid hits you!
Ouch! That really hurt!
You shoot an arrow. The lemure shouts!
The arrow hits the ice beast but does no damage.
Pikel zaps a wand.
The bolt of acid misses you. The ice beast misses you.
You shoot an arrow.
The arrow hits the ice beast but does no damage.
Pikel hits you with a +2 whip of freezing!
* * * LOW HITPOINT WARNING * * *
Pikel freezes you.
You die...
Pikel says, "See you in Hell!"

~~...................#.......<...
~~..#.......#.##....###......##.#
~...#.........##.............#...
.........##...##..#.?....###.#...
..........##..##..........##.....
##........................##.#.##
##..####..##.........#.##..#..##
....####..#...○..°..?.........
....##........s.@Y5......##..##
...........°.....K.....).......
.#..........#.........5........
.........#.######..5.........B.
##.......#.# #......!........
##.........# #..............#
###......#.# #.....##........# .
#........# ###.####........#
.###.......# †.††. ##..#.....


You could see Pikel, an ice beast, 3 lemures and a scorpion.

Vanquished Creatures
  2 orc priests (D:4)
  Terence (D:3)
  Jessica (D:3)
  A hell rat (Sewer)
  3 gnolls (D:3)
  6 adders
  2 river rats (Sewer)
  A dart slug (D:1)
  An orc (D:4)
  3 ball pythons
  2 bats (D:3)
  8 endoplasms
  3 giant cockroaches
  3 goblins
  4 hobgoblins
  3 jackals (D:4)
  4 kobolds
  4 quokkas
  2 frilled lizards (D:2)
  12 rats
66 creatures vanquished.

Notes
Turn   | Place    | Note
-------+----------+-------------------------------------------
     0 | D:1      | BinkBink the Spriggan Hunter began the quest for the Orb.
     0 | D:1      | Reached XP level 1. HP: 10/10 MP: 2/2
    61 | D:1      | Reached XP level 2. HP: 15/15 MP: 3/3
   178 | D:1      | Found Utzynoodd's Magic Scroll Emporium.
   420 | D:2      | Reached XP level 3. HP: 18/18 MP: 4/4
   443 | D:2      | Found a faded altar of an unknown god.
   450 | D:2      | Prayed at the altar of an unknown god.
   450 | D:2      | Became a worshipper of Qazlal Stormbringer
   450 | D:2      | Reached * piety under Qazlal
   553 | D:2      | Found a shimmering altar of Xom.
   983 | D:2      | Reached XP level 4. HP: 23/23 MP: 5/5
  1142 | D:3      | Noticed Jessica
  1146 | D:3      | Killed Jessica
  1252 | D:3      | Found Vyqif's Assorted Antiques.
  1332 | D:3      | Noticed Terence
  1495 | D:3      | Killed Terence
  1496 | D:3      | Reached XP level 5. HP: 27/27 MP: 6/6
  1686 | D:3      | Identified the ring "Loew" {Fire Dex+3}
  2157 | D:4      | Found a burning altar of Makhleb.
  2191 | D:4      | Found a bloodstained altar of Trog.
  2191 | D:4      | Found a hazy altar of Hepliaklqana.
  2191 | D:4      | Found a glowing silver altar of Zin.
  2194 | D:4      | Found a snail-covered altar of Cheibriados.
  2194 | D:4      | Found an opulent altar of Gozag.
  2273 | D:4      | Noticed a lemure
  2273 | D:4      | Noticed a lemure
  2274 | D:4      | Noticed Pikel
  2274 | D:4      | Noticed a lemure
  2301 | D:4      | Found a hide-covered altar of Uskayaw.
  2302 | D:4      | Noticed an orc warrior
  2308 | D:4      | Noticed an ice beast
  2325 | D:4      | Found a glowing drain.
  2368 | D:4      | Reached ** piety under Qazlal
  2551 | D:4      | Reached skill level 5 in Ranged Weapons
  2609 | D:4      | Noticed a lemure
  2621 | Sewer    | Entered a sewer
  2650 | Sewer    | Reached XP level 6. HP: 32/32 MP: 7/7
  3146 | D:4      | Slain by Pikel

Illustrated notes

Levels and vault maps discovered:
D:1:      zaba_arrival_water, layout_rooms, serial_shops, shop
D:2:      layout_loops_ring, basic_altar, basic_ecumenical_altar,
          kennysheep_generic_room_5
D:3:      layout_basic, serial_shops, nicolae_shop_trees, st_stairs_5,
          minmay_hedge_maze, minivault_25, grunt_decor_junction,
          minmay_ruptured, uniq_jessica, uniq_terence
D:4:      layout_cave_pools, nicolae_uskayaw_murder_on_the_dancefloor,
          nicolae_overflows_in_rows, portal_sewer_entry_a, uniq_pikel

Skill      XL: |  1  2  3  4  5 |
---------------+----------------+-----
Stealth        | 2 3 4 |  4.9
Dodging        | 3 4 |  4.8
Fighting       | 2 |  2.9
Ranged Weapons | 5 |  5.1

Action                     |  1- 3 |  4- 6 || total
---------------------------+-------+-------++-------
   Fire: Shortbow          |    81 |   206 ||   287
 Armour: Robe              |     9 |    18 ||    27
  Dodge: Dodged            |    20 |    62 ||    82
  Block: Other             |       |     3 ||     3

Table legend: (Time is in decaauts)
 A = Elapsed time spent in this place.
 B = Non-inter-level travel time spent in this place.
 C = Inter-level travel time spent in this place.
 D = Time resting spent in this place.
 E = Time spent auto-exploring this place.
 F = Levels seen in this place.
 G = Mean time per level.
                   A        B        C        D        E       F      G
               +--------+--------+--------+--------+--------+-----+--------+
         Total |   2268 |   2211 |     57 |    250 |   1122 |   5 |  453.6 |
       Dungeon |   1911 |   1854 |     57 |     23 |   1107 |   4 |  477.8 |
         Sewer |    356 |    356 |      0 |    227 |     15 |   1 |  356.0 |
               +--------+--------+--------+--------+--------+-----+--------+

Top non-repeatable levels by time:
     D:3: 744 daAuts
     D:2: 469 daAuts
     D:4: 427 daAuts
   Sewer: 356 daAuts
     D:1: 270 daAuts
